 Dungeon Crawl Stone Soup version 0.27-a0-203-gd48b2df3c9 (webtiles) character file.

Game seed: 8812090540410775958

149 wakim the Firebug (level 5, -8/28 HPs)
             Began as a Deep Elf Fire Elementalist on Jan 30, 2021.
             Killed from afar by an orc wizard (9 damage)
             ... with a magic dart
             ... on level 3 of the Dungeon.
             The game lasted 00:12:29 (2956 turns).

wakim the Firebug (Deep Elf Fire Elementalist)      Turns: 2956, Time: 00:12:29

Health: -8/28      AC:  2    Str:  6    XL:     5   Next: 9%
Magic:  9/13       EV: 18    Int: 20    God:
Gold:   142        SH:  0    Dex: 15    Spells: 8/12 levels left

rFire    . . .     SeeInvis .   a - +1 dagger (drain)
rCold    . . .     Faith    .   (no shield)
rNeg     + . .     Spirit   .   o - +0 robe
rPois    .         Reflect  .   (no helmet)
rElec    .         Harm     .   (no cloak)
rCorr    .         Rampage  .   (no gloves)
Will     .....                  (no boots)
Stlth    ++........             (no amulet)
HPRegen  0.09/turn              n - ring of positive energy
MPRegen  0.13/turn              p - +4 ring of evasion

@: very slightly contaminated
A: no striking features
a: no special abilities


You were on level 3 of the Dungeon.
You visited 1 branch of the dungeon, and saw 4 of its levels.

You collected 142 gold pieces.

Inventory:

Hand Weapons
 a - a +1 dagger of draining (weapon)
Armour
 o - a +0 robe (worn)
Jewellery
 n - a ring of positive energy (left hand)
 p - a +4 ring of evasion (right hand)
Wands
 t - a wand of enslavement (8)
Scrolls
 d - 2 scrolls of identify {unknown}
 e - 2 scrolls of enchant weapon {unknown}
 f - a scroll of fear {unknown}
 g - 2 scrolls of amnesia {unknown}
 j - 2 scrolls of teleportation {unknown}
 k - 2 scrolls of remove curse {unknown}
 r - a scroll of immolation {unknown}
Potions
 b - 4 potions of might {unknown}
 c - 2 potions of haste {unknown}
 h - a potion of degeneration {unknown}
 i - a potion of ambrosia {unknown}
 l - a potion of heal wounds {unknown}
 m - a potion of cancellation {unknown}
 q - 2 potions of magic {unknown}
 s - a potion of lignification {unknown}


   Skills:
 + Level 3.6 Dodging
 - Level 2.4 Stealth
 + Level 4.3 Spellcasting
 + Level 2.5 Conjurations
 * Level 4.5 Fire Magic


You had 8 spell levels left.
You knew the following spells:

 Your Spells              Type           Power        Failure   Level
a - Foxfire               Conj/Fire      72%          3%          1
b - Conjure Flame         Conj/Fire      18%          9%          3

Your spell library contained the following spells:

 Spells                   Type           Power        Failure   Level
 Inner Flame              Hex/Fire       13%          14%         3
 Sticky Flame             Conj/Fire      18%          28%         4
 Fireball                 Conj/Fire      9%           63%         5


Dungeon Overview and Level Annotations

Branches:
Dungeon (4/15)
 Temple: D:4-7

Altars:
Okawaru


Message History

The orc priest hits you with a +0 hand axe!
* * * LOW HITPOINT WARNING * * *
Casting: Foxfire (safe; 3% risk of failure)
Confirm with . or Enter, or press ? or * to list all spells.
You miscast Foxfire.
Nothing appears to happen.
The orc wizard hits you with a +0 dagger.
* * * LOW HITPOINT WARNING * * *
The orc priest closely misses you.
Casting: Foxfire (safe; 3% risk of failure)
Confirm with . or Enter, or press ? or * to list all spells.
You conjure some foxfire!
The orc wizard misses you.
Casting: Foxfire (safe; 3% risk of failure)
Confirm with . or Enter, or press ? or * to list all spells.
Nothing appears to happen.
The foxfire hits the orc priest.
The orc priest is lightly wounded.
The orc priest hits you with a +0 hand axe.
* * * LOW HITPOINT WARNING * * *
The orc wizard casts a spell at you. The magic dart hits you!
You die...

#.####).....).......####....####.
#.# #...........................
#.# #......#.##.................
#.# #..............####....####.
#.# #...#..#####...# #.........
#.####...#..# #...# #....##.#.
.........#..# #...# #....##.#.
#.####...#..#####o>.####....##...
#.# #......[..v@o..........####.
#.####...#..#####...####....####.
.................................
######...#..###.#.#.#.##....####.
#................[[.........
#.#.##.###..................
#.#.##.###...#.#.......#.##.
#.#.##...#...#.####....#.##.
#.#.####.#...#.# #....#.##.


You could see an orc priest and an orc wizard.

Vanquished Creatures
  4 adders
  2 oozes
  4 dart slugs (D:2)
  A worm (D:2)
  3 leopard geckos
  10 orcs (D:3)
  6 ball pythons (D:3)
  9 bats
  2 giant cockroaches
  7 goblins
  7 hobgoblins
  10 kobolds
  A quokka (D:3)
  7 frilled lizards
  10 rats
83 creatures vanquished.

Vanquished Creatures (collateral kills)
  A foxfire (D:3)
1 creature vanquished.

Vanquished Creatures (others)
  243 foxfires
  A fungus (D:3)
244 creatures vanquished.

Grand Total: 328 creatures vanquished

Notes
Turn   | Place    | Note
-------+----------+-------------------------------------------
     0 | D:1      | wakim the Deep Elf Fire Elementalist began the quest for
                  | the Orb.
     0 | D:1      | Reached XP level 1. HP: 10/10 MP: 6/6
   314 | D:1      | Reached XP level 2. HP: 15/15 MP: 6/8
   756 | D:1      | Reached XP level 3. HP: 19/19 MP: 6/10
   889 | D:1      | Learned a level 3 spell: Conjure Flame
  1137 | D:2      | Found an iron altar of Okawaru.
  1423 | D:2      | You fall into a shaft and drop 1 floor!
  1438 | D:3      | Reached XP level 4. HP: 24/24 MP: 7/12
  2361 | D:3      | Reached XP level 5. HP: 28/28 MP: 3/13
  2956 | D:3      | HP: 1/28 [orc priest/+0 hand axe (1)]
  2956 | D:3      | Killed from afar by an orc wizard

Illustrated notes

Levels and vault maps discovered:
D:1:      amcnicky_arrival_double_pillar, layout_loops_ring,
          hangedman_abyss_or_decor_stabs
D:2:      layout_loops_cross, okawaru_trees_2
D:3:      layout_basic, minmay_shallow_snake_nest
D:4:      layout_basic, serial_shops, shop, kennysheep_doodads, uniq_edmund

Skill      XL: |  1  2  3 |
---------------+----------+-----
Dodging        | 3 |  3.6
Conjurations   | 2 |  2.5
Spellcasting   | 4 |  4.3
Fire Magic     | 4 |  4.5
Stealth        | |  2.4

Action                   |  1- 3 |  4- 6 || total
-------------------------+-------+-------++-------
Melee: Dagger            |     3 |     4 ||     7
 Cast: Foxfire           |    80 |    82 ||   162
       Conjure Flame     |     1 |       ||     1
Armor: Robe              |     4 |     3 ||     7
Dodge: Dodged            |    14 |    32 ||    46

Table legend: (Time is in decaauts)
 A = Elapsed time spent in this place.
 B = Non-inter-level travel time spent in this place.
 C = Inter-level travel time spent in this place.
 D = Time resting spent in this place.
 E = Time spent auto-exploring this place.
 F = Levels seen in this place.
 G = Mean time per level.
                   A        B        C        D        E       F      G
               +--------+--------+--------+--------+--------+-----+--------+
         Total |   2955 |   2875 |     80 |    787 |   1488 |   4 |  738.8 |
       Dungeon |   2955 |   2875 |     80 |    787 |   1488 |   4 |  738.8 |
               +--------+--------+--------+--------+--------+-----+--------+

Top non-repeatable levels by time:
     D:3: 1146 daAuts
     D:1: 992 daAuts
     D:2: 812 daAuts
     D:4: 5 daAuts
